 Dungeon Crawl Stone Soup version 0.26.1-11-gd32895ea62 (webtiles) character file.

Game seed: 1539433412871671968

34 nomophobia the Bolt Thrower (level 3, -1/22 HPs)
             Began as a Kobold Hunter on May 18, 2021.
             Slain by Robin
             ... wielding a +0 spear
              (4 damage)
             ... on level 2 of the Dungeon.
             The game lasted 00:11:14 (952 turns).

nomophobia the Bolt Thrower (Kobold Hunter)          Turns: 952, Time: 00:11:15

Health: -1/22      AC:  3    Str:  9    XL:     3   Next: 50%
Magic:  3/3        EV: 15    Int: 12    God:
Gold:   59         SH:  0    Dex: 16    Spells: 2/2 levels left

rFire    . . .     SeeInvis .   b - +0 short sword
rCold    . . .     Faith    .   (shield restricted)
rNeg     . . .     Spirit   .   c - +0 leather armour
rPois    .         Reflect  .   (no helmet)
rElec    .         Harm     .   (no cloak)
rCorr    .         Rampage  .   (no gloves)
Will     .....                  (no boots)
Stlth    +++.......             (no amulet)
HPRegen  0.07/turn              (no ring)
MPRegen  0.08/turn              (no ring)

@: no status effects
A: small, nightstalker 3
a: no special abilities


You were on level 2 of the Dungeon.
You visited 1 branch of the dungeon, and saw 2 of its levels.

You collected 59 gold pieces.

Inventory:

Hand Weapons
 a - a +1 hand crossbow
 b - a +0 short sword (weapon)
Missiles
 d - 14 bolts
Armour
 c - a +0 leather armour (worn)
Jewellery
 e - a +4 ring of slaying {unknown}
 g - an uncursed amulet of reflection {unknown}
Potions
 f - a potion of cancellation {unknown}


   Skills:
 + Level 2.6 Fighting
 * Level 2.2 Short Blades
 - Level 4.8 Crossbows
 + Level 2.9 Dodging
 + Level 2.3 Stealth


You had 2 spell levels left.
You didn't know any spells.
Your spell library was empty.

Dungeon Overview and Level Annotations

Branches:
Dungeon (2/15)

Altars:

Annotations:
D:2 Robin


Innate Abilities, Weirdness & Mutations

You are small and have problems with some larger weapons.
You are completely attuned to the shadows.


Message History

The hobgoblin is moderately wounded.
Robin roars a battlecry!
The goblin goes into a battle-frenzy!
The goblin barely misses you. The hobgoblin closely misses you.
You hit the hobgoblin.
The hobgoblin is almost dead.
The hobgoblin no longer looks unusually strong.
Robin roars a battlecry!
The hobgoblin goes into a battle-frenzy!
The goblin hits you with a +0 dagger.
* * * LOW HITPOINT WARNING * * *
The hobgoblin completely misses you.
You barely miss the hobgoblin.
The hobgoblin is almost dead.
Robin roars a battlecry!
The goblin barely misses you. The hobgoblin completely misses you.
You hit the hobgoblin.
You kill the hobgoblin!
Robin hits you from afar with a +0 spear.
You die...

.....#.### ..g.....
.....#...# .g.(....
#[....# ...g....
#.....#########..(..
#........g..........
##....g.#.g.........
#.gg...#...........
##)#####...........
#@# #......##### #g#
#......# #.#
#......# #.#
######## # #.# # #.#
# #.# # .. #.# #
#.###.# #


You could see Robin and 2 goblins.

Vanquished Creatures
  A gnoll (D:1)
  An ooze (D:1)
  A dart slug (D:1)
  A leopard gecko (D:1)
  A giant cockroach (D:1)
  5 goblins
  4 hobgoblins
  A bat (D:1)
  A frilled lizard (D:2)
  2 kobolds (D:1)
  A rat (D:1)
19 creatures vanquished.

Vanquished Creatures (others)
  A hobgoblin (D:2)
  5 toadstools (D:1)
6 creatures vanquished.

Grand Total: 25 creatures vanquished

Notes
Turn   | Place    | Note
-------+----------+-------------------------------------------
     0 | D:1      | nomophobia the Kobold Hunter began the quest for the Orb.
     0 | D:1      | Reached XP level 1. HP: 12/12 MP: 1/1
    79 | D:1      | Reached skill level 1 in Short Blades
    79 | D:1      | Reached XP level 2. HP: 18/18 MP: 2/2
   326 | D:1      | Reached XP level 3. HP: 14/22 MP: 3/3
   924 | D:2      | Noticed Robin
   952 | D:2      | Slain by Robin

Illustrated notes

Levels and vault maps discovered:
D:1:      ldierk_walled_garden, layout_loops_cross
D:2:      minmay_general_purpose_star, layout_basic,
          grunt_temple_overflow_order_and_chaos_1, nicolae_gozag_seed_capital,
          uniq_robin, uniq_terence

Skill      XL: |  1  2  3 |
---------------+----------+-----
Short Blades   | 1 2 |  2.2
Stealth        | 2 |  2.3
Fighting       | |  2.6
Crossbows      | |  4.8
Dodging        | |  2.9

Action                   || total
-------------------------++-------
Melee: Short sword       ||    22
 Fire: Hand crossbow     ||    21
  Use: Scroll            ||     2
Armor: Leather armour    ||     6
Dodge: Dodged            ||    21
